 Dungeon Crawl Stone Soup version 0.31-a0-233-g139696dc86 (webtiles) character file.

Game seed: 2603354293828000425

12571 qw the Marksminotaur (level 11, -7/99 HPs)
             Began as a Minotaur Hexslinger on July 8, 2023.
             Was a Priest of Okawaru.
             Mangled by a seven-headed hydra (11 damage)
             ... on level 2 of the Lair of Beasts.
             The game lasted 00:03:39 (8392 turns).

qw the Marksminotaur (Minotaur Hexslinger)          Turns: 8392, Time: 00:03:40

Health: -7/99      AC: 11    Str: 13    XL:     11   Next: 64%
Magic:  12/13      EV: 18    Int: 10    God:    Okawaru [***...]
Gold:   174        SH:  0    Dex: 17    Spells: 11/12 levels left

rFire   + . .        Y - +0 arbalest (chaos)
rCold   + . .        (shield currently unavailable)
rNeg    . . .        d - +1 leather armour {rF+}
rPois   .            (helmet restricted)
rElec   .            e - +1 cloak {Stlth+}
rCorr   .            b - +2 pair of gloves
SInv    +            (no boots)
Will    .....        n - amulet of regeneration
Stlth   ++++         p - ring of protection from cold
HPRegen 1.16/turn    r - ring of see invisible
MPRegen 0.13/turn

%: no passive effects
@: heroic
A: horns 2, retaliatory headbutt
a: Renounce Religion, Heroism


You were on level 2 of the Lair of Beasts.
You worshipped Okawaru.
Okawaru was most pleased with you.
You visited 2 branches of the dungeon, and saw 10 of its levels.

You collected 559 gold pieces.
You spent 385 gold pieces at shops.


Innate Abilities, Weirdness & Mutations

You have a pair of horns on your head.
You reflexively headbutt those who attack you in melee.


   Skills:
 - Level 10.0(15.0) Fighting
 - Level 15.0(20.0) Ranged Weapons
 - Level 6.7(11.7) Armour
 + Level 6.8(11.8) Dodging
 - Level 1.0 Spellcasting
 - Level 2.0 Hexes
 - Level 5.2 Invocations


You had 11 spell levels left.
You knew the following spells:

 Your Spells              Type           Power      Damage    Failure   Level
a - Slow                  Hex            16%        N/A       19%         1

Your spell library contained the following spells:

 Spells                   Type           Power      Damage    Failure   Level
 Inner Flame              Hex/Fire       2%         N/A       63%         3
 Portal Projectile        Hex/Tloc       4%         N/A       63%         3
 Cause Fear               Hex            2%         N/A       87%         4

Inventory:

Hand Weapons
 Y - a +0 arbalest of chaos (weapon)
Armour
 b - a +2 pair of gloves (worn)
 d - a +1 leather armour of fire resistance (worn)
 e - a +1 cloak of stealth (worn)
 m - +0 acid dragon scales
Jewellery
 n - an amulet of regeneration (around neck)
 p - a ring of protection from cold (left hand)
 r - a ring of see invisible (right hand)
Wands
 q - a wand of digging (6)
Scrolls
 g - a scroll of vulnerability {unknown}
 j - a scroll of identify
 k - 5 scrolls of teleportation
Potions
 a - 2 potions of mutation
 c - 2 potions of curing
 f - a potion of resistance
 h - a potion of heal wounds
 l - a potion of lignification {unknown}
 o - a potion of magic
 s - a potion of ambrosia {unknown}
 t - 2 potions of enlightenment

Dungeon Overview and Level Annotations

Branches:
Dungeon (8/15)             Temple (0/1) D:6            Lair (2/5) D:8
  Swamp: Lair:2-3    Shoals: Lair:2-3     Snake: Lair:2-3    Spider: Lair:2-3

Altars:
Hepliaklqana
Okawaru
Trog
Xom
Zin
The Shining One

Shops:
D:1 :   D:8 !

Annotations:
D:5 5 runed translucent doors, Crazy Yiuf
D:7 3 runed translucent doors
Lair:1 2 transporters, qw's ghost, journeyman NaHu


Message History

8388 ||| DRINKING 3 potions of heal wounds.
You feel much better.
The culicivora bites you but does no damage.
The culicivora bites you.
The culicivora draws strength from your injuries!
8389 ||| DRINKING 2 potions of heal wounds.
You feel much better.
Your surroundings suddenly seem different.
A seven-headed hydra comes into view.
Found 22 gold pieces.
Found a stone staircase leading down.
Enter note:
Enter note:
Enter note:
Enter note: You shoot a bolt.
The bolt hits the seven-headed hydra!
The seven-headed hydra roars!
The seven-headed hydra seems to speed up.
The seven-headed hydra is lightly wounded.
You shoot a bolt. The bolt hits the seven-headed hydra!
The seven-headed hydra suddenly seems more resistant.
The seven-headed hydra is moderately wounded.
The seven-headed hydra misses you. You furiously retaliate!
You headbutt the seven-headed hydra! The seven-headed hydra misses you.
The seven-headed hydra bites you.
The seven-headed hydra bites you but does no damage.
The seven-headed hydra bites you!
The seven-headed hydra bites you but does no damage.
The seven-headed hydra bites you!
You shoot a bolt. The bolt hits the seven-headed hydra!!
The bolt burns the seven-headed hydra.
The seven-headed hydra is severely wounded.
The seven-headed hydra completely misses you.
The seven-headed hydra closely misses you.
The seven-headed hydra misses you. The seven-headed hydra bites you!
The seven-headed hydra misses you.
The seven-headed hydra barely misses you.
The seven-headed hydra bites you! The seven-headed hydra bites you.
The seven-headed hydra misses you. The seven-headed hydra bites you.
The seven-headed hydra bites you!
You die...

#......#
#......#
.......#
#.$....#
#......##
#.......#
##.D.....#
#..@....#
##>.....#
########


You could see a seven-headed hydra (fast, resistant).

Vanquished Creatures
  3 two-headed ogres
  Erica (Lair:1)
  Amaemon (Lair:1)
  Maurice (D:8)
  An orange demon (Lair:1)
  5 cane toads
  A komodo dragon (Lair:1)
  A rime drake (shapeshifter) (Lair:1)
  A hornet (Lair:1)
  A troll (D:8)
  A polar bear (Lair:1)
  3 blink frogs (Lair:2)
  5 culicivoras (Lair:2)
  A wraith (D:5)
  6 yaks
  2 wyverns
  Eustachio (D:6)
  A basilisk (Lair:2)
  Menkaure (D:6)
  Edmund (D:6)
  3 water moccasins
  A sky beast (D:7)
  3 orc warriors (D:7)
  An ogre (D:5)
  A black bear (D:5)
  8 wolves
  2 centaurs
  A phantom (D:5)
  2 bullfrogs
  3 scorpions
  4 wights (D:7)
  2 electric eels (D:8)
  2 jellies
  3 howler monkeys
  5 hounds
  4 orc priests
  A gnoll bouda (D:7)
  5 iguanas
  3 sleepcaps
  8 orc wizards
  3 gnolls (D:7)
  7 adders
  2 shadow imps
  A white imp (D:5)
  A worm (D:2)
  6 dart slugs
  31 orcs
  3 bats (D:1)
  15 endoplasms
  3 giant cockroaches (D:1)
  15 goblins
  6 hobgoblins
  12 jackals (D:1)
  2 quokkas
  8 ball pythons
  5 frilled lizards
  3 kobolds
  5 rats
228 creatures vanquished.

Notes
Turn   | Place    | Note
-------+----------+-------------------------------------------
     0 | D:1      | qw the Minotaur Hexslinger began the quest for the Orb.
     0 | D:1      | Reached XP level 1. HP: 16/16 MP: 1/1
     0 | D:1      | 0 ||| qw: Version: 0.3-a-46-gb1f654a
     0 | D:1      | 0 ||| qw: Game counter: 3427
     0 | D:1      | 0 ||| qw: Melee chars always use a shield: true
     0 | D:1      | 0 ||| qw: God list: Okawaru
     0 | D:1      | 0 ||| qw: Allow faded altars: false
     0 | D:1      | 0 ||| qw: Do Orc after clearing Dungeon:15 true
     0 | D:1      | 0 ||| qw: Do second Lair branch before Depths: true
     0 | D:1      | 0 ||| qw: Lair rune preference: random
     0 | D:1      | 0 ||| qw: Goals: Normal
     0 | D:1      | 0 ||| PLANNING D:1-11
    23 | D:1      | Reached skill level 3 in Ranged Weapons
    23 | D:1      | Reached XP level 2. HP: 15/23 MP: 2/2
    29 | D:1      | 29 ||| FLEEEEING.
    30 | D:1      | 30 ||| FLEEEEING.
    31 | D:1      | 31 ||| FLEEEEING.
    32 | D:1      | 32 ||| FLEEEEING.
    33 | D:1      | 33 ||| FLEEEEING.
    34 | D:1      | 34 ||| FLEEEEING.
   148 | D:1      | Reached XP level 3. HP: 19/29 MP: 3/3
   216 | D:1      | Found a faded altar of an unknown god.
   228 | D:1      | Found Gaklus's Book Shop.
   493 | D:1      | Reached skill level 4 in Ranged Weapons
   536 | D:1      | 536 ||| UPGRADING to +0 ring mail.
   546 | D:1      | 546 ||| DROPPING +0 robe.
   547 | D:1      | 547 ||| READING scroll labelled ABLEMN URAULING.
   548 | D:1      | 548 ||| READING scroll labelled NAQOIN UHANU.
   549 | D:1      | 549 ||| READING scroll labelled WATEOL WOZAU.
   550 | D:1      | 550 ||| READING scroll labelled UTEGITW BUTA.
   551 | D:1      | 551 ||| DROPPING scroll of poison.
   588 | D:2      | Reached skill level 1 in Armour
   943 | D:2      | Reached XP level 4. HP: 36/36 MP: 4/4
  1421 | D:2      | 1421 ||| UPGRADING to +0 pair of gloves.
  1426 | D:2      | 1426 ||| UPGRADING to +0 leather armour of fire resistance.
  1436 | D:2      | 1436 ||| READING scroll labelled SIESTR TAESTIOT.
  1437 | D:2      | 1437 ||| READING scroll labelled TEWEOW OCZA.
  1617 | D:3      | Reached skill level 5 in Ranged Weapons
  1679 | D:3      | HP: 8/37 [orc priest/+0 club (3)]
  1681 | D:3      | Reached skill level 3 in Fighting
  1681 | D:3      | Reached XP level 5. HP: 5/45 MP: 5/5
  1682 | D:3      | HP: 2/45 [orc priest/+0 club (4)]
  1730 | D:3      | 1730 ||| FLEEEEING.
  1732 | D:3      | 1732 ||| FLEEEEING.
  1734 | D:3      | 1734 ||| FLEEEEING.
  1735 | D:3      | 1735 ||| FLEEEEING.
  1736 | D:3      | 1736 ||| FLEEEEING.
  1737 | D:3      | 1737 ||| FLEEEEING.
  1738 | D:3      | 1738 ||| FLEEEEING.
  1739 | D:3      | 1739 ||| FLEEEEING.
  1740 | D:3      | 1740 ||| FLEEEEING.
  1741 | D:3      | 1741 ||| FLEEEEING.
  1742 | D:3      | 1742 ||| FLEEEEING.
  1743 | D:3      | 1743 ||| FLEEEEING.
  1744 | D:3      | 1744 ||| STAIRDANCE
  1841 | D:2      | 1841 ||| READING scroll labelled VIKURIREZA.
  2152 | D:3      | Found an iron altar of Okawaru.
  2153 | D:3      | 2153 ||| PLANNING OKAWARU WORSHIP
  2162 | D:3      | Became a worshipper of Warmaster Okawaru
  2163 | D:3      | 2163 ||| PLANNING D:1-11
  2345 | D:4      | Reached skill level 6 in Ranged Weapons
  2432 | D:4      | Reached XP level 6. HP: 51/51 MP: 6/6
  2519 | D:4      | 2519 ||| READING scroll of enchant weapon.
  2519 | D:4      | 2519 ||| ENCHANTING +2 sling of electrocution.
  2537 | D:4      | 2537 ||| READING scroll labelled FILIGO IMNE.
  2819 | D:4      | HP: 13/52 [poisoned by a scorpion]
  3079 | D:4      | Found a hazy altar of Hepliaklqana.
  3271 | D:4      | 3271 ||| READING 2 scrolls of identify.
  3271 | D:4      | 3271 ||| IDENTIFYING coppery potion
  3313 | D:5      | Entered Level 5 of the Dungeon
  3313 | D:5      | Found a glowing golden altar of the Shining One.
  3337 | D:5      | Reached skill level 7 in Ranged Weapons
  3337 | D:5      | Reached * piety under Okawaru
  3338 | D:5      | Reached XP level 7. HP: 29/59 MP: 7/7
  3338 | D:5      | 3338 ||| INVOKING Heroism.
  3346 | D:5      | 3346 ||| Stepping randomly (disturbance).
  3347 | D:5      | 3347 ||| Stepping randomly (disturbance).
  3362 | D:5      | HP: 14/59 [something (2)]
  3366 | D:5      | Reached skill level 1 in Invocations
  3648 | D:5      | 3648 ||| FLEEEEING.
  3653 | D:5      | 3653 ||| STAIRDANCE
  3681 | D:4      | 3681 ||| UPGRADING to amulet of regeneration.
  3686 | D:4      | 3686 ||| DROPPING ring of magical power.
  3691 | D:5      | 3691 ||| INVOKING Heroism.
  3698 | D:5      | Reached skill level 8 in Ranged Weapons
  3815 | D:5      | 3815 ||| INVOKING Heroism.
  3915 | D:5      | Found a runed translucent door.
  3916 | D:5      | Noticed Crazy Yiuf
  3934 | D:5      | 3934 ||| Stepping ~*~*~tactically~*~*~ (outnumbered).
  3939 | D:5      | Reached skill level 3 in Invocations
  4007 | D:5      | Found a large runed translucent door.
  4007 | D:5      | Found a large runed translucent door.
  4011 | D:5      | Found a large runed translucent door.
  4011 | D:5      | Found a large runed translucent door.
  4013 | D:5      | Noticed a troll
  4054 | D:5      | Reached XP level 8. HP: 55/68 MP: 9/9
  4079 | D:5      | Reached skill level 3 in Dodging
  4163 | D:5      | Reached ** piety under Okawaru
  4164 | D:5      | Reached skill level 9 in Ranged Weapons
  4476 | D:5      | 4476 ||| DROPPING +0 ring mail.
  4477 | D:5      | 4477 ||| UPGRADING to +0 acid dragon scales.
  4487 | D:5      | 4487 ||| READING 2 scrolls of identify.
  4487 | D:5      | 4487 ||| IDENTIFYING metallic sapphire potion
  4521 | D:6      | Noticed a two-headed ogre
  4522 | D:6      | 4522 ||| INVOKING Heroism.
  4531 | D:6      | Killed a two-headed ogre
  4532 | D:6      | Reached skill level 6 in Armour
  4532 | D:6      | Reached XP level 9. HP: 52/74 MP: 8/11
  4561 | D:6      | Noticed Eustachio
  4562 | D:6      | 4562 ||| INVOKING Heroism.
  4577 | D:6      | Killed Eustachio
  4610 | D:6      | Identified the +9 dagger of the Elven Halls {vamp, *Noise
                  | rElec Str+3}
  4620 | D:6      | Reached skill level 6 in Fighting
  4664 | D:6      | Found a shimmering altar of Xom.
  4664 | D:6      | Found a glowing silver altar of Zin.
  4664 | D:6      | Noticed an angel
  4811 | D:6      | Found a staircase to the Ecumenical Temple.
  4834 | D:6      | Noticed Menkaure
  4834 | D:6      | Noticed Edmund
  4835 | D:6      | 4835 ||| FLEEEEING.
  4836 | D:6      | 4836 ||| FLEEEEING.
  4837 | D:6      | 4837 ||| INVOKING Heroism.
  4846 | D:6      | Killed Edmund
  4851 | D:6      | Killed Menkaure
  5188 | D:6      | 5188 ||| UPGRADING to +1 leather armour of fire resistance.
  5198 | D:6      | 5198 ||| DROPPING +0 leather armour of fire resistance.
  5199 | D:6      | 5199 ||| READING 2 scrolls labelled KUMMUSHREELI.
  5200 | D:6      | 5200 ||| READING scroll of enchant armour.
  5200 | D:6      | 5200 ||| ENCHANTING +0 pair of gloves.
  5201 | D:6      | 5201 ||| DRINKING 2 amethyst potions.
  5202 | D:6      | 5202 ||| READING 2 scrolls of identify.
  5202 | D:6      | 5202 ||| IDENTIFYING metallic silvery potion
  5203 | D:6      | 5203 ||| DROPPING potion of invisibility.
  5204 | D:6      | 5204 ||| DROPPING potion of attraction.
  5340 | D:7      | 5340 ||| Stepping ~*~*~tactically~*~*~ (outnumbered).
  5342 | D:7      | 5342 ||| Stepping ~*~*~tactically~*~*~ (outnumbered).
  5344 | D:7      | 5344 ||| Stepping ~*~*~tactically~*~*~ (outnumbered).
  5345 | D:7      | 5345 ||| INVOKING Heroism.
  5350 | D:7      | Noticed a two-headed ogre
  5355 | D:7      | Reached skill level 10 in Ranged Weapons
  5369 | D:7      | Killed a two-headed ogre
  5370 | D:7      | Reached skill level 6 in Dodging
  5432 | D:7      | 5432 ||| INVOKING Heroism.
  5464 | D:7      | 5464 ||| INVOKING Heroism.
  5536 | D:7      | 5536 ||| Stepping ~*~*~tactically~*~*~ (outnumbered).
  5538 | D:7      | 5538 ||| Stepping ~*~*~tactically~*~*~ (outnumbered).
  5541 | D:7      | 5541 ||| Stepping ~*~*~tactically~*~*~ (outnumbered).
  5545 | D:7      | 5545 ||| INVOKING Heroism.
  5580 | D:7      | 5580 ||| INVOKING Heroism.
  5581 | D:7      | 5581 ||| Stepping ~*~*~tactically~*~*~ (outnumbered).
  5602 | D:7      | 5602 ||| SWAPPING to +0 arbalest.
  5603 | D:7      | 5603 ||| DROPPING +3 sling of electrocution.
  5788 | D:7      | Found a runed translucent gate.
  5788 | D:7      | Found a runed translucent gate.
  5788 | D:7      | Found a runed translucent gate.
  5788 | D:7      | Noticed a death yak
  5788 | D:7      | Noticed a death yak
  5789 | D:7      | Noticed a polar bear
  5994 | D:7      | 5994 ||| INVOKING Heroism.
  6001 | D:7      | Reached XP level 10. HP: 86/86 MP: 10/12
  6168 | D:7      | 6168 ||| UPGRADING to ring of protection from cold.
  6169 | D:7      | 6169 ||| DROPPING ring of wizardry.
  6170 | D:7      | 6170 ||| READING scroll labelled OLULEZAVYI.
  6271 | D:7      | 6271 ||| READING scroll labelled XIEXIA ZICWAK.
  6272 | D:7      | 6272 ||| DRINKING 3 lumpy grey potions.
  6297 | D:8      | 6297 ||| READING scroll of brand weapon.
  6297 | D:8      | 6297 ||| BRANDING +0 arbalest.
  6362 | D:8      | Found a staircase to the Lair.
  6364 | D:8      | Reached skill level 11 in Ranged Weapons
  6380 | D:8      | 6380 ||| INVOKING Heroism.
  6447 | D:8      | Found Jafohana's Distillery.
  6450 | D:8      | 6450 ||| BUYING potion of cancellation (88 gold).
  6450 | D:8      | Bought a potion of cancellation for 88 gold pieces
  6450 | D:8      | 6450 ||| BUYING potion of curing (33 gold).
  6450 | D:8      | Bought a potion of curing for 33 gold pieces
  6450 | D:8      | 6450 ||| BUYING potion of curing (33 gold).
  6450 | D:8      | Bought a potion of curing for 33 gold pieces
  6450 | D:8      | 6450 ||| BUYING potion of heal wounds (55 gold).
  6450 | D:8      | Bought a potion of heal wounds for 55 gold pieces
  6450 | D:8      | 6450 ||| BUYING potion of magic (88 gold).
  6450 | D:8      | Bought a potion of magic for 88 gold pieces
  6450 | D:8      | 6450 ||| BUYING potion of mutation (88 gold).
  6450 | D:8      | Bought a potion of mutation for 88 gold pieces
  6450 | D:8      | 6450 ||| SHOPLISTING potion of resistance (110 gold, have
                  | 53).
  6477 | D:8      | 6477 ||| READING scroll of enchant armour.
  6477 | D:8      | 6477 ||| ENCHANTING +1 pair of gloves.
  6629 | D:8      | 6629 ||| INVOKING Heroism.
  6688 | D:8      | Noticed Maurice
  6695 | D:8      | 6695 ||| DRINKING 4 potions of curing.
  6695 | D:8      | 6695 ||| (to cure confusion)
  6707 | D:8      | 6707 ||| DRINKING 3 potions of curing.
  6707 | D:8      | 6707 ||| (to cure confusion)
  6714 | D:8      | Killed Maurice
  6715 | D:8      | Reached skill level 12 in Ranged Weapons
  6786 | D:8      | 6786 ||| INVOKING Heroism.
  6867 | D:8      | Noticed a two-headed ogre
  6868 | D:8      | 6868 ||| INVOKING Heroism.
  6872 | D:8      | Killed a two-headed ogre
  7038 | D:8      | 7038 ||| PLANNING LAIR
  7038 | D:8      | 7038 ||| UPGRADING to +1 cloak of stealth.
  7043 | D:8      | 7043 ||| UPGRADING to ring of see invisible.
  7044 | D:8      | 7044 ||| READING 3 scrolls of identify.
  7044 | D:8      | 7044 ||| IDENTIFYING fizzy inky potion
  7045 | D:8      | 7045 ||| READING 2 scrolls of identify.
  7045 | D:8      | 7045 ||| IDENTIFYING murky orange potion
  7046 | D:8      | 7046 ||| DROPPING potion of berserk rage.
  7047 | D:8      | 7047 ||| DROPPING potion of degeneration.
  7121 | Lair:1   | Entered Level 1 of the Lair of Beasts
  7121 | Lair:1   | Noticed Amaemon
  7122 | Lair:1   | 7122 ||| INVOKING Heroism.
  7123 | Lair:1   | Noticed an orange demon
  7128 | Lair:1   | Killed Amaemon
  7128 | Lair:1   | Reached *** piety under Okawaru
  7134 | Lair:1   | Killed an orange demon
  7193 | Lair:1   | 7193 ||| INVOKING Heroism.
  7199 | Lair:1   | Reached skill level 13 in Ranged Weapons
  7273 | Lair:1   | Noticed a cane toad
  7274 | Lair:1   | 7274 ||| INVOKING Heroism.
  7288 | Lair:1   | Killed a cane toad
  7289 | Lair:1   | Reached skill level 9 in Fighting
  7371 | Lair:1   | 7371 ||| INVOKING Heroism.
  7376 | Lair:1   | Reached XP level 11. HP: 97/97 MP: 10/13
  7386 | Lair:1   | 7386 ||| INVOKING Heroism.
  7389 | Lair:1   | 7389 ||| FLEEEEING.
  7390 | Lair:1   | 7390 ||| FLEEEEING.
  7391 | Lair:1   | 7391 ||| FLEEEEING.
  7461 | Lair:1   | Found a transporter.
  7463 | Lair:1   | Noticed a spriggan rider
  7467 | Lair:1   | Noticed qw's ghost (journeyman NaHu)
  7471 | Lair:1   | 7471 ||| DRINKING potion of cancellation.
  7493 | Lair:1   | Found a transporter.
  7508 | Lair:1   | Found a bloodstained altar of Trog.
  7542 | Lair:1   | 7542 ||| INVOKING Heroism.
  7548 | Lair:1   | Reached skill level 14 in Ranged Weapons
  7670 | Lair:1   | Noticed Erica
  7671 | Lair:1   | 7671 ||| INVOKING Heroism.
  7678 | Lair:1   | Killed Erica
  7768 | Lair:1   | Reached **** piety under Okawaru
  7837 | Lair:1   | 7837 ||| INVOKING Heroism.
  8124 | Lair:1   | 8124 ||| DROPPING amulet of guardian spirit.
  8125 | Lair:1   | 8125 ||| READING 3 scrolls of identify.
  8125 | Lair:1   | 8125 ||| IDENTIFYING silvery potion
  8126 | Lair:1   | 8126 ||| READING 2 scrolls of identify.
  8126 | Lair:1   | 8126 ||| IDENTIFYING red potion
  8127 | Lair:1   | 8127 ||| DROPPING potion of brilliance.
  8148 | Lair:2   | 8148 ||| INVOKING Heroism.
  8214 | Lair:2   | 8214 ||| INVOKING Heroism.
  8274 | Lair:2   | 8274 ||| INVOKING Heroism.
  8299 | Lair:2   | 8299 ||| INVOKING Heroism.
  8301 | Lair:2   | HP: 23/99 [culicivora (16)]
  8302 | Lair:2   | 8302 ||| READING 7 scrolls of teleportation.
  8303 | Lair:2   | 8303 ||| DRINKING 4 potions of heal wounds.
  8338 | Lair:2   | 8338 ||| INVOKING Heroism.
  8341 | Lair:2   | Reached skill level 15 in Ranged Weapons
  8374 | Lair:2   | 8374 ||| Stepping ~*~*~tactically~*~*~ (outnumbered).
  8382 | Lair:2   | 8382 ||| INVOKING Heroism.
  8386 | Lair:2   | HP: 14/99 [culicivora (14)]
  8387 | Lair:2   | 8387 ||| READING 6 scrolls of teleportation.
  8387 | Lair:2   | HP: 5/99 [culicivora (2)]
  8388 | Lair:2   | 8388 ||| DRINKING 3 potions of heal wounds.
  8389 | Lair:2   | 8389 ||| DRINKING 2 potions of heal wounds.
  8389 | Lair:2   | Noticed a seven-headed hydra
  8392 | Lair:2   | HP: 19/99 [seven-headed hydra (8)]
  8392 | Lair:2   | HP: 9/99 [seven-headed hydra (3)]
  8392 | Lair:2   | HP: 4/99 [seven-headed hydra (5)]
  8392 | Lair:2   | Mangled by a seven-headed hydra

Levels and vault maps discovered:
D:1:      lemuel_arrival_rhombus, layout_rooms, serial_shops, shop,
          hellmonk_ecumenical_altar_run_dry
D:2:      layout_basic
D:3:      layout_basic, okawaru_gym_becter, minmay_cupped
D:4:      minmay_door_path, layout_basic, mainiacjoe_overflow_cross_hatched,
          minmay_checkerbox
D:5:      layout_basic, mainiacjoe_overflow_boulevard,
          minmay_hollow_rounded_squares, uniq_crazy_yiuf_cottage
D:6:      layout_gridville, grunt_temple_overflow_order_and_chaos_1,
          minmay_temple_entry_gardened_gates, uniq_menkaure, uniq_edmund,
          uniq_eustachio
D:7:      lemuel_bear_cage, layout_basic
D:8:      layout_basic, erik_lair_island, serial_shops,
          nicolae_shop_behind_doors, uniq_maurice
Lair:1:   layout_cave_pods, gammafunk_ghost_wrathful_warriors, uniq_erica,
          uniq_amaemon
Lair:2:   layout_big_grid, hellmonk_spider_entry_life_and_decay

Skill      XL: |  1  2  3  4  5  6  7  8  9 10 11 |
---------------+----------------------------------+-----
Ranged Weapons | 3 4 5 6 7 8 9 10 13 15 | 15.0
Fighting       | 2 3 4 5 7 9 10 | 10.0
Armour         | 1 6 |  6.7
Invocations    | 3 4 5 |  5.2
Dodging        | 3 6 |  6.8
Spellcasting   | |  1.0
Hexes          | |  2.0

Action                     |  1- 3 |  4- 6 |  7- 9 | 10-12 || total
---------------------------+-------+-------+-------+-------++-------
   Fire: Sling             |   121 |   149 |   240 |       ||   510
         Arbalest          |       |       |    30 |   222 ||   252
 Invoke: Heroism           |       |       |    12 |    18 ||    30
    Use: Scroll            |     4 |     6 |     4 |    10 ||    24
         Potion            |       |       |     1 |     7 ||     8
 Armour: Robe              |    12 |       |       |       ||    12
         Ring mail         |     5 |       |       |       ||     5
         Leather armour    |       |    14 |    25 |    29 ||    68
         Acid dragon scale |       |       |     1 |       ||     1
  Dodge: Dodged            |    73 |    39 |    70 |   130 ||   312

Table legend:
 A = Non-vault XP
 B = Vault XP
 C = Vault XP percentage of total XP
 D = Non-vault monster count
 E = Vault monster count
 F = Vault count percentage of total count
                 A         B        C        D         E       F
            +---------+---------+-------+---------+---------+-------
      Total |   12484 |    5475 |  30.5 |     196 |      32 |  14.0
            +---------+---------+-------+---------+---------+-------
        D:1 |      66 |       0 |   0.0 |      35 |       0 |   0.0
        D:2 |      40 |       0 |   0.0 |      16 |       0 |   0.0
        D:3 |     163 |       4 |   2.4 |      27 |       2 |   6.9
        D:4 |     278 |      62 |  18.2 |      15 |       5 |  25.0
        D:5 |     741 |     625 |  45.8 |      23 |       7 |  23.3
        D:6 |    1082 |     461 |  29.9 |      11 |       3 |  21.4
        D:7 |    2399 |       0 |   0.0 |      35 |       0 |   0.0
        D:8 |    1308 |    1193 |  47.7 |       7 |       7 |  50.0
     Lair:1 |    4348 |    2010 |  31.6 |      19 |       3 |  13.6
     Lair:2 |    2059 |    1120 |  35.2 |       8 |       5 |  38.5
            +---------+---------+-------+---------+---------+-------
